SL
PHILADEPHIA 1776 BC @ ROCKY MOUNTAIN NUGGETS
09/27/2019
 
TOP OF THE 1ST
Philadephia 1776 BC batting - Pitching for Rocky Mountain Nuggets : RHP Félix Jiménez
Pitching: RHP Félix Jiménez
Batting: LHB Manuel García 0-0: Ball
1-0: Called Strike
1-1: Fly out, F2 (Popup, 2LF)
Batting: RHB Toshitsugu Sakamoto 0-0: Fly out, F6 (Line Drive, 6)
Batting: LHB Chris Nelson 0-0: Ball
1-0: Ball
2-0: Ball
3-0: Base on Balls
Batting: RHB Brian O'Brian 0-0: Ball
1-0: Swinging Strike
1-1: Ball
2-1: Swinging Strike
2-2: Strikes out swinging
Top of the 1st over - 0 run(s), 0 hit(s), 0 error(s), 1 left on base; Philadephia 1776 0 - Rocky Mountain 0
BOTTOM OF THE 1ST
Rocky Mountain Nuggets batting - Pitching for Philadephia 1776 BC : RHP John Buck
Pitching: RHP John Buck
Batting: RHB Xie-li Kan 0-0: Foul Ball, location: 2F
0-1: Ball
1-1: Fly out, F8 (Flyball, 8RD)
Batting: RHB Mark O'Monaghan 0-0: Foul Ball, location: 2F
0-1: Foul Ball, location: 2F
0-2: Ground out 4-3 (Groundball, 4)
Batting: LHB Jason Potter 0-0: Ball
1-0: Ball
2-0: SOLO HOME RUN (Flyball, 9D), Distance : 372 ft
Batting: RHB David Verhoeve 0-0: Called Strike
0-1: Called Strike
0-2: Ball
1-2: DOUBLE (Flyball, 89XD)
Batting: SHB Jim Morris 0-0: Swinging Strike
0-1: Foul Ball, location: 2F
0-2: Strikes out swinging
Bottom of the 1st over - 1 run(s), 2 hit(s), 0 error(s), 1 left on base; Philadephia 1776 0 - Rocky Mountain 1
TOP OF THE 2ND
Philadephia 1776 BC batting - Pitching for Rocky Mountain Nuggets : RHP Félix Jiménez
Batting: LHB Sébastien Rolland 0-0: Ball
1-0: Called Strike
1-1: Foul Ball, location: 2F
1-2: Strikes out looking
Batting: SHB Matt Morris 0-0: Ball
1-0: Swinging Strike
1-1: Swinging Strike
1-2: Strikes out swinging
Batting: RHB Lúcio Montoya 0-0: Swinging Strike
0-1: Swinging Strike
0-2: Ball
1-2: Ball
Reached via error on a dropped throw, E1
Batting: RHB Manny Hernández 0-0: Called Strike
0-1: Ball
1-1: Swinging Strike
1-2: Ball
2-2: Foul Ball, location: 2F
2-2: SINGLE (Groundball, 6MD)
Lúcio Montoya to second
Runner from 2nd tries for 3rd, SAFE, throw made to third
Batting: LHB John Buck 0-0: Called Strike
0-1: Swinging Strike
0-2: Ball
1-2: Ground out U3 (Groundball, 3S)
Top of the 2nd over - 0 run(s), 1 hit(s), 1 error(s), 2 left on base; Philadephia 1776 0 - Rocky Mountain 1
BOTTOM OF THE 2ND
Rocky Mountain Nuggets batting - Pitching for Philadephia 1776 BC : RHP John Buck
Batting: RHB Juan Ávila 0-0: Called Strike
0-1: Ground out 1-3 (Groundball, 15S)
Batting: SHB Quan Ge 0-0: SINGLE (Line Drive, 7LS)
Batting: RHB Mark Melton 0-0: Foul Ball, location: 2F
0-1: Ball
1-1: Ball
2-1: Ball
3-1: Swinging Strike
3-2: Base on Balls
Quan Ge to second
Batting: RHB Félix Jiménez 0-0: Bunted foul
0-1: Sac Bunt - play at first, batter OUT! 1-4
Quan Ge to third
Mark Melton to second
Batting: RHB Xie-li Kan 0-0: Ball
1-0: Ball
2-0: Called Strike
2-1: Ball
3-1: Ground out 5-3 (Groundball, 5S)
Bottom of the 2nd over - 0 run(s), 1 hit(s), 0 error(s), 2 left on base; Philadephia 1776 0 - Rocky Mountain 1
TOP OF THE 3RD
Philadephia 1776 BC batting - Pitching for Rocky Mountain Nuggets : RHP Félix Jiménez
Batting: LHB Manuel García 0-0: Called Strike
0-1: Called Strike
0-2: Ground out 6-3 (Groundball, 6)
Batting: RHB Toshitsugu Sakamoto 0-0: Ball
1-0: Ball
2-0: Called Strike
2-1: Fly out, F6 (Line Drive, 6M)
Batting: LHB Chris Nelson 0-0: Ball
1-0: Called Strike
1-1: Foul Ball, location: 2F
1-2: Strikes out swinging
Top of the 3rd over - 0 run(s), 0 hit(s), 0 error(s), 0 left on base; Philadephia 1776 0 - Rocky Mountain 1
BOTTOM OF THE 3RD
Rocky Mountain Nuggets batting - Pitching for Philadephia 1776 BC : RHP John Buck
Batting: RHB Mark O'Monaghan 0-0: Ball
1-0: Fly out, F5 (Popup, 5F)
Batting: LHB Jason Potter 0-0: Ball
1-0: Foul Ball, location: 2F
1-1: Ball
2-1: Foul Ball, location: 2F
2-2: Foul Ball, location: 2F
2-2: Ball
3-2: Foul Ball, location: 2F
3-2: Base on Balls
Batting: RHB David Verhoeve 0-0: Ball
Jason Potter is caught stealing 2nd base
1-0: Called Strike
1-1: Ball
2-1: Foul Ball, location: 2F
2-2: Foul Ball, location: 2F
2-2: SOLO HOME RUN (Flyball, 78XD), Distance : 430 ft
Batting: SHB Jim Morris 0-0: Swinging Strike
0-1: Swinging Strike
0-2: Ball
1-2: Strikes out swinging
Bottom of the 3rd over - 1 run(s), 1 hit(s), 0 error(s), 0 left on base; Philadephia 1776 0 - Rocky Mountain 2
TOP OF THE 4TH
Philadephia 1776 BC batting - Pitching for Rocky Mountain Nuggets : RHP Félix Jiménez
Batting: RHB Brian O'Brian 0-0: Swinging Strike
0-1: Called Strike
0-2: Fly out, F2 (Popup, 2RF)
Batting: LHB Sébastien Rolland 0-0: Called Strike
0-1: Ball
1-1: Called Strike
1-2: Strikes out swinging
Batting: SHB Matt Morris 0-0: Ground out U3 (Groundball, 3L)
Top of the 4th over - 0 run(s), 0 hit(s), 0 error(s), 0 left on base; Philadephia 1776 0 - Rocky Mountain 2
BOTTOM OF THE 4TH
Rocky Mountain Nuggets batting - Pitching for Philadephia 1776 BC : RHP John Buck
Batting: RHB Juan Ávila 0-0: Called Strike
0-1: Ground out 4-3 (Groundball, 4M)
Batting: SHB Quan Ge 0-0: Ball
1-0: Swinging Strike
1-1: SOLO HOME RUN (Flyball, 78XD), Distance : 413 ft
Batting: RHB Mark Melton 0-0: Foul Ball, location: 2F
0-1: Ball
1-1: DOUBLE (Line Drive, 78S)
Batting: RHB Félix Jiménez 0-0: Ball
1-0: Ball
2-0: Called Strike
2-1: Called Strike
2-2: Foul Ball, location: 2F
2-2: Ground out 5-3 (Groundball, 56)
Batting: RHB Xie-li Kan 0-0: Ball
1-0: Ball
2-0: Ball
3-0: Called Strike
3-1: Foul Ball, location: 2F
3-2: Strikes out swinging
Bottom of the 4th over - 1 run(s), 2 hit(s), 0 error(s), 1 left on base; Philadephia 1776 0 - Rocky Mountain 3
TOP OF THE 5TH
Philadephia 1776 BC batting - Pitching for Rocky Mountain Nuggets : RHP Félix Jiménez
Batting: RHB Lúcio Montoya 0-0: Ball
1-0: Ball
2-0: Foul Ball, location: 2F
2-1: Called Strike
2-2: Foul Ball, location: 2F
2-2: Strikes out swinging
Batting: RHB Manny Hernández 0-0: Ball
1-0: Called Strike
1-1: Swinging Strike
1-2: Ball
2-2: Fly out, F4 (Line Drive, 4M)
Batting: LHB John Buck 0-0: Ball
1-0: Called Strike
1-1: Ground out 4-3 (Groundball, 34)
Top of the 5th over - 0 run(s), 0 hit(s), 0 error(s), 0 left on base; Philadephia 1776 0 - Rocky Mountain 3
BOTTOM OF THE 5TH
Rocky Mountain Nuggets batting - Pitching for Philadephia 1776 BC : RHP John Buck
Batting: RHB Mark O'Monaghan 0-0: Ball
1-0: Called Strike
1-1: Ball
2-1: Foul Ball, location: 2F
2-2: Ball
3-2: Base on Balls
Batting: LHB Jason Potter 0-0: Ball
1-0: Ball
2-0: Ball
3-0: Called Strike
3-1: Foul Ball, location: 2F
3-2: Grounds into double play, 5-4-3 (Groundball, 56)
Batting: RHB David Verhoeve 0-0: Ball
1-0: Foul Ball, location: 2F
1-1: Ball
2-1: Foul Ball, location: 2F
2-2: Ball
3-2: Foul Ball, location: 2F
3-2: Foul Ball, location: 2F
3-2: Base on Balls
Batting: SHB Jim Morris 0-0: Called Strike
David Verhoeve steals 2nd base
0-1: Ball
1-1: Called Strike
1-2: Foul Ball, location: 2F
1-2: Ball
2-2: SINGLE (Groundball, 34S)
David Verhoeve to third
Runner from 3rd tries for Home, SAFE, no throw or cutoff
Batting: RHB Juan Ávila 0-0: Called Strike
0-1: Ball
1-1: Ball
2-1: Fly out, F4 (Line Drive, 4M)
Bottom of the 5th over - 1 run(s), 1 hit(s), 0 error(s), 1 left on base; Philadephia 1776 0 - Rocky Mountain 4
TOP OF THE 6TH
Philadephia 1776 BC batting - Pitching for Rocky Mountain Nuggets : RHP Félix Jiménez
Batting: LHB Manuel García 0-0: Ball
1-0: Foul Ball, location: 2F
1-1: Foul Ball, location: 2F
1-2: Foul Ball, location: 2F
1-2: Ball
2-2: Strikes out looking
Batting: RHB Toshitsugu Sakamoto 0-0: Ball
1-0: Called Strike
1-1: Ground out 6-3 (Groundball, 56)
Batting: LHB Chris Nelson 0-0: Ball
1-0: Ground out 3-1 (Groundball, 3)
Top of the 6th over - 0 run(s), 0 hit(s), 0 error(s), 0 left on base; Philadephia 1776 0 - Rocky Mountain 4
BOTTOM OF THE 6TH
Rocky Mountain Nuggets batting - Pitching for Philadephia 1776 BC : RHP John Buck
Batting: SHB Quan Ge 0-0: Ball
1-0: Called Strike
1-1: Foul Ball, location: 2F
1-2: Ground out 4-3 (Groundball, 4)
Batting: RHB Mark Melton 0-0: Called Strike
0-1: Foul Ball, location: 2F
0-2: Ground out 1-3 (Groundball, 13)
Batting: RHB Félix Jiménez 0-0: Called Strike
0-1: Foul Ball, location: 2F
0-2: Ground out 5-3 (Groundball, 5S)
Bottom of the 6th over - 0 run(s), 0 hit(s), 0 error(s), 0 left on base; Philadephia 1776 0 - Rocky Mountain 4
TOP OF THE 7TH
Philadephia 1776 BC batting - Pitching for Rocky Mountain Nuggets : RHP Félix Jiménez
Batting: RHB Brian O'Brian 0-0: Called Strike
0-1: Swinging Strike
0-2: Strikes out swinging
Batting: LHB Sébastien Rolland 0-0: Foul Ball, location: 2F
0-1: Swinging Strike
0-2: Ball
1-2: Ball
2-2: SINGLE (Line Drive, 9S)
Batting: SHB Matt Morris 0-0: Called Strike
Sébastien Rolland is caught stealing 2nd base
0-1: Ground out 6-3 (Groundball, 6)
Top of the 7th over - 0 run(s), 1 hit(s), 0 error(s), 0 left on base; Philadephia 1776 0 - Rocky Mountain 4
BOTTOM OF THE 7TH
Rocky Mountain Nuggets batting - Pitching for Philadephia 1776 BC : RHP John Buck
Batting: RHB Xie-li Kan 0-0: Called Strike
0-1: Fly out, F9 (Flyball, 9LM)
Batting: RHB Mark O'Monaghan 0-0: Ball
1-0: Called Strike
1-1: Called Strike
1-2: Strikes out swinging
Batting: LHB Jason Potter 0-0: Ball
1-0: Fly out, F5 (Popup, 5F)
Bottom of the 7th over - 0 run(s), 0 hit(s), 0 error(s), 0 left on base; Philadephia 1776 0 - Rocky Mountain 4
TOP OF THE 8TH
Philadephia 1776 BC batting - Pitching for Rocky Mountain Nuggets : RHP Félix Jiménez
Batting: RHB Lúcio Montoya 0-0: Called Strike
0-1: Ball
1-1: Foul Ball, location: 2F
1-2: Ball
2-2: Strikes out swinging
Batting: RHB Manny Hernández 0-0: Foul Ball, location: 2F
0-1: Ball
1-1: Foul Ball, location: 2F
1-2: Ground out 3-1 (Groundball, 34)
Pinch Hitting: LHB John Boone 0-0: Ball
1-0: Ball
2-0: Ball
3-0: Called Strike
3-1: Base on Balls
Batting: LHB Manuel García 0-0: Swinging Strike
0-1: Called Strike
0-2: Ball
1-2: Foul Ball, location: 2F
1-2: Ball
2-2: Ball
3-2: Strikes out swinging
Top of the 8th over - 0 run(s), 0 hit(s), 0 error(s), 1 left on base; Philadephia 1776 0 - Rocky Mountain 4
BOTTOM OF THE 8TH
Rocky Mountain Nuggets batting - Pitching for Philadephia 1776 BC : RHP John Buck
Pitching: LHP Francisco Carrasco
Batting: RHB David Verhoeve 0-0: Called Strike
0-1: Called Strike
0-2: Ball
1-2: Ball
2-2: Ball
3-2: Ground out 1-3 (Groundball, 15S)
Batting: SHB Jim Morris 0-0: Ground out 4-3 (Groundball, 4)
Batting: RHB Juan Ávila 0-0: Called Strike
0-1: Swinging Strike
0-2: Strikes out swinging
Bottom of the 8th over - 0 run(s), 0 hit(s), 0 error(s), 0 left on base; Philadephia 1776 0 - Rocky Mountain 4
TOP OF THE 9TH
Philadephia 1776 BC batting - Pitching for Rocky Mountain Nuggets : RHP Félix Jiménez
Pitching: RHP Ramón Tovar
Batting: RHB Toshitsugu Sakamoto 0-0: Called Strike
0-1: Swinging Strike
0-2: Ground out 4-3 (Groundball, 13)
Batting: LHB Chris Nelson 0-0: Ground out 4-3 (Groundball, 4)
Batting: RHB Brian O'Brian 0-0: Called Strike
0-1: DOUBLE (Flyball, 78XD)
Batting: LHB Sébastien Rolland 0-0: Ground out 1-3 (Groundball, 13S)
Top of the 9th over - 0 run(s), 1 hit(s), 0 error(s), 1 left on base; Philadephia 1776 0 - Rocky Mountain 4
This league is powered by Out of the Park Baseball, the baseball management simulation game for PC, Mac and Linux
Saturday, July 25th, 2015 - OOTP Baseball 15.6 Build 34